 Dungeon Crawl Stone Soup version 0.26-a0-720-g2a1d101370 (webtiles) character file.

Game seed: 5047941966292156323

4897 serber55 the Grappler (level 10, 0/77 HPs)
             Began as a Yellow Draconian Transmuter on Nov 3, 2020.
             Was a Follower of Wu Jian.
             Slain by a wolf (6 damage)
             ... led by Grum
             ... on level 8 of the Dungeon.
             The game lasted 00:31:28 (8852 turns).

serber55 the Grappler (Yellow Draconian Transmuter) Turns: 8852, Time: 00:31:30

Health: 0/77       AC:  2    Str: 15    XL:     10   Next: 26%
Magic:  26/26      EV: 19    Int: 14    God:    Wu Jian [*.....]
Gold:   342        SH:  0    Dex: 17    Spells: 6/19 levels left

rFire    . . .     SeeInvis +     - Unarmed
rCold    . . .     Faith    .   (shield currently unavailable)
rNeg     . . .     Spirit   .   (armour unavailable)
rPois    x         Reflect  .   (helmet currently unavailable)
rElec    .         Harm     .   (cloak currently unavailable)
rCorr    .         Rampage  .   (gloves currently unavailable)
MR       .....                  (boots currently unavailable)
Stlth    ++........             (no amulet)
HPRegen  0.22/turn              p - ring of see invisible
MPRegen  0.20/turn              y - ring of magical power

@: spider-form, wereblooded
A: tiny, (spit acid), unfitting armour, AC +7
a: End Transformation, Renounce Religion


You were on level 8 of the Dungeon.
You worshipped Wu Jian.
Wu Jian was aware of your devotion.
You were a venomous arachnid creature.
You visited 2 branches of the dungeon, and saw 9 of its levels.

You collected 342 gold pieces.

Inventory:

Missiles
 a - 3 silver boomerangs
 n - 5 datura-tipped darts (quivered)
Armour
 f - a +1 pair of boots (melded)
 j - a +0 hat (melded)
 m - a +3 buckler (melded)
 r - a +0 cloak (melded)
Jewellery
 p - a ring of see invisible (left front leg)
 v - an uncursed ring of fire
 y - a ring of magical power (right front leg)
Wands
 l - a wand of acid (4)
 o - a wand of flame (29)
 s - a wand of paralysis (6)
 B - a wand of iceblast (9)
Scrolls
 b - a scroll of enchant armour
 c - 6 scrolls of teleportation
 g - a scroll of fog
 w - 9 scrolls of remove curse
 A - a scroll of random uselessness {unknown}
 C - a scroll of fear
Potions
 d - 2 potions of cancellation
 e - 7 potions of curing
 h - 2 potions of heal wounds
 i - 4 potions of brilliance
 k - a potion of flight {unknown}
 q - 2 potions of might
 t - a potion of stabbing
 u - a potion of mutation {unknown}
 x - 2 potions of haste {unknown}
 z - a potion of lignification {unknown}


   Skills:
 + Level 3.4 Fighting
 - Level 1.7 Dodging
 - Level 5.0 Shields
 - Level 10.0 Unarmed Combat
 + Level 5.2 Spellcasting
 - Level 3.0 Translocations
 * Level 7.9 Transmutations
 - Level 2.0 Poison Magic


You had 6 spell levels left.
You knew the following spells:

 Your Spells              Type           Power        Failure   Level
a - Beastly Appendage     Tmut           ####..       4%          1
b - Wereblood             Tmut           ####....     5%          2
c - Spider Form           Tmut/Pois      ###.......   19%         3
d - Blade Hands           Tmut           ####......   38%         5
e - Blink                 Tloc           N/A          21%         2

Your spell library contained the following spells:

 Spells                   Type           Power        Failure   Level
 Magic Dart               Conj           #...         36%         1
 Call Imp                 Summ           #.......     47%         2
 Slow                     Hex            #.......     47%         2
 Ice Form                 Ice/Tmut       ##......     54%         4
 Mephitic Cloud           Conj/Pois/Air  #.......     58%         3
 Conjure Flame            Conj/Fire      #.......     67%         3


Dungeon Overview and Level Annotations

Branches:
Dungeon (8/15)             Temple (1/1) D:6
   Lair: D:8-11

Altars:
Ashenzari
Cheibriados
Dithmenos
Elyvilon
Fedhas
Hepliaklqana
Makhleb
Nemelex Xobeh
Okawaru
Qazlal
Ru
Sif Muna
Vehumet
Wu Jian
Xom
Yredelemnul
Zin
The Shining One

Shops:
D:6 }(


Innate Abilities, Weirdness & Mutations

((You can spit globs of acid.))
((Your golden yellow scales are hard. (AC +7)))
You cannot fit into any form of body armour.
((You are cold-blooded and may be slowed by cold attacks.))
((You are resistant to acid. (rCorr)))


Message History

You hit Grum.
Grum looks as sick as possible!
Grum is almost dead.
You bite Grum!
You kill Grum!
The Council accepts your kill. The wolf closely misses you.
You closely miss the wolf.
The wolf is almost dead.
The wolf bites you.
* * * LOW HITPOINT WARNING * * *
You closely miss the wolf.
The wolf is almost dead.
The wolf is no longer covered in acid.
The wolf closely misses you.
You closely miss the wolf.
The wolf is almost dead.
You hiss as the wereblood boils in your veins!
The wolf bites you.
* * * LOW HITPOINT WARNING * * *
The wolf bites you.
You die...

... ... #.......
..#..###......##
..............
#..........#
#...#.#.#..#
####...#.#....#
..[........##..#
.####.#...###..#
........hs).)#
###.##..###..# #.
##.###..#####
#.###..##......#
#....#.##..####### #
#....##.........
#.#....##...######
#...............#
###....##.#.....##.#


You could see a wolf.

Vanquished Creatures
  Erica (D:8)
  Pikel (D:3)
  Joseph (D:7)
  Maggie (D:7)
  A spriggan (D:7)
  Eustachio (D:4)
  Grum (D:8)
  Menkaure (D:4)
  A water moccasin (D:6)
  2 orc warriors
  A sky beast (D:6)
  An ice beast (D:5)
  2 ogres
  2 wolves (D:8)
  4 centaurs
  3 lemures (D:3)
  A big kobold (D:8)
  6 bullfrogs
  4 howler monkeys
  5 orc wizards
  4 orc priests
  A hound (D:8)
  A bullfrog skeleton (D:4)
  A gnoll shaman (D:5)
  Jessica (D:2)
  An iguana (D:4)
  6 worker ants
  2 hound skeletons
  4 gnolls (D:5)
  13 adders
  2 shadow imps (D:5)
  2 white imps (D:8)
  An ooze (D:3)
  2 adder skeletons
  An adder zombie (D:6)
  2 worms (D:3)
  A dart slug (D:2)
  8 leopard geckos
  24 orcs
  4 giant cockroaches
  3 goblins
  5 hobgoblins
  15 jackals
  5 quokkas
  3 ball pythons
  A ball python skeleton (D:6)
  8 bats
  8 frilled lizards
  A jackal zombie (D:5)
  12 kobolds
  A leopard gecko skeleton (D:4)
  7 rats
190 creatures vanquished.

Vanquished Creatures (others)
  3 plants (D:3)
3 creatures vanquished.

Grand Total: 193 creatures vanquished

Notes
Turn   | Place    | Note
-------+----------+-------------------------------------------
     0 | D:1      | serber55 the Draconian Transmuter began the quest for the
                  | Orb.
     0 | D:1      | Reached XP level 1. HP: 16/16 MP: 3/3
   489 | D:1      | Reached XP level 2. HP: 23/23 MP: 3/5
   749 | D:1      | Learned a level 2 spell: Wereblood
   994 | D:2      | Found a shimmering blue altar of Sif Muna.
  1347 | D:2      | Reached XP level 3. HP: 27/28 MP: 4/6
  1464 | D:2      | Noticed Jessica
  1474 | D:2      | Killed Jessica
  1474 | D:2      | Reached skill level 4 in Unarmed Combat
  1625 | D:2      | Reached XP level 4. HP: 34/35 MP: 5/7
  1670 | D:2      | Reached skill level 1 in Shields
  1892 | D:3      | Learned a level 3 spell: Spider Form
  2350 | D:3      | Reached skill level 5 in Unarmed Combat
  2350 | D:3      | Reached XP level 5. HP: 40/40 MP: 4/8
  2906 | D:3      | Noticed an orc warrior
  2925 | D:3      | Killed an orc warrior
  2925 | D:3      | Reached skill level 1 in Poison Magic
  2925 | D:3      | Reached XP level 6. HP: 7/47 MP: 4/9
  3533 | D:3      | Found a glowing golden altar of the Shining One.
  3761 | D:4      | Noticed Pikel
  3849 | D:3      | Killed Pikel
  3849 | D:3      | Reached skill level 7 in Unarmed Combat
  3849 | D:3      | Your scales start taking on a golden yellow colour.
  3849 | D:3      | Reached XP level 7. HP: 32/52 MP: 1/10
  3849 | D:3      | Gained mutation: You are resistant to acid. (rCorr) [Yellow
                  | Draconian growth]
  4052 | D:4      | Noticed Eustachio
  4068 | D:4      | Killed Eustachio
  4068 | D:4      | Reached XP level 8. HP: 36/59 MP: 4/11
  4073 | D:4      | Reached skill level 8 in Unarmed Combat
  4331 | D:4      | Found a shadowy altar of Dithmenos.
  4360 | D:4      | Found a basalt altar of Yredelemnul.
  4434 | D:4      | Noticed Menkaure
  4439 | D:4      | Killed Menkaure
  4439 | D:4      | Reached skill level 5 in Shields
  4810 | D:5      | Entered Level 5 of the Dungeon
  5243 | D:5      | Reached skill level 9 in Unarmed Combat
  5499 | D:5      | Found a broken altar of Ashenzari.
  5991 | D:6      | Found a radiant altar of Vehumet.
  6245 | D:6      | Reached skill level 10 in Unarmed Combat
  6433 | D:6      | Found Unowarro's Weapon Emporium.
  6476 | D:6      | Reached XP level 9. HP: 60/67 MP: 10/12
  6517 | D:6      | Found a staircase to the Ecumenical Temple.
  6524 | Temple   | Entered the Ecumenical Temple
  6606 | Temple   | Became a worshipper of the Wu Jian Council
  6763 | D:6      | Found Soyr's Gadget Boutique.
  7253 | D:7      | Reached skill level 5 in Transmutations
  7394 | D:7      | Noticed Joseph
  7410 | D:7      | HP: 3/67 [centaur (10)]
  7424 | D:7      | Killed Joseph
  7433 | D:7      | Learned a level 5 spell: Blade Hands
  7436 | D:7      | Learned a level 2 spell: Blink
  7718 | D:7      | Reached * piety under Wu Jian
  7718 | D:7      | Reached skill level 1 in Translocations
  7875 | D:7      | Noticed Maggie
  7896 | D:7      | Killed Maggie
  8495 | D:8      | Found a sacrificial altar of Ru.
  8558 | D:8      | Found a hazy altar of Hepliaklqana.
  8641 | D:8      | Noticed Erica
  8648 | D:8      | Killed Erica
  8648 | D:8      | Reached XP level 10. HP: 22/77 MP: 17/17
  8654 | D:8      | Reached skill level 5 in Spellcasting
  8822 | D:8      | Noticed Grum
  8849 | D:8      | Killed Grum
  8852 | D:8      | Slain by a wolf

Illustrated notes

Levels and vault maps discovered:
D:1:      lemuel_arrival_room, layout_basic, minmay_misc_feat_rugged
D:2:      layout_rooms, old_standard_altar, chequers_serial_rivers_micro_d,
          minmay_tree_intersection, uniq_jessica
D:3:      minmay_skewed_foursquare, layout_basic, tso_oasis_becter,
          minmay_misc_feat_alley
D:4:      layout_cave_pools, yredelemnul_altar_generic, lemuel_crystal_altar,
          uniq_pikel, uniq_eustachio, uniq_menkaure
D:5:      layout_loops_ring, nicolae_overflow_crystal_walls
D:6:      layout_loops_cross, fiery_altar_vehumet,
          minmay_temple_entry_junction_2, serial_shops, nicolae_shop_crystal,
          kennysheep_mini_moat, hangedman_decor_lopped
D:7:      layout_basic, the_bakery, uniq_joseph, uniq_maggie
D:8:      layout_basic, dancing_weapons_uskayaw, gammafunk_temple_overflow_wave,
          lemuel_zombie_altar_kikubaaqudgha, basic_altar,
          nicolae_ru_sacrificial_ziggurat, uniq_erica, uniq_grum
Temple:   minmay_temple_bridge_abc

Skill      XL: |  1  2  3  4  5  6  7  8  9 10 |
---------------+-------------------------------+-----
Unarmed Combat | 4 5 7 10 | 10.0
Shields        | 1 2 4 5 |  5.0
Poison Magic   | 1 2 |  2.0
Transmutations | 4 7 |  7.9
Fighting       | 3 |  3.4
Spellcasting   | 4 5 |  5.2
Translocations | 3 |  3.0
Dodging        | |  1.7

Action                   |  1- 3 |  4- 6 |  7- 9 | 10-12 || total
-------------------------+-------+-------+-------+-------++-------
Melee: Unarmed           |    67 |   172 |   319 |    34 ||   592
       Kick              |    10 |    17 |    23 |       ||    50
       Tailslap          |     3 |    18 |    24 |     4 ||    49
       Headbutt          |     5 |    10 |     9 |       ||    24
Throw: Dart              |     1 |     5 |     1 |       ||     7
       Boomerang         |       |     7 |     4 |       ||    11
 Cast: Beastly Appendage |    17 |    12 |    19 |       ||    48
       Wereblood         |       |     8 |    13 |     1 ||    22
       Spider Form       |       |     2 |     8 |     1 ||    11
Invok: Lunge             |       |       |    12 |     1 ||    13
 Abil: Breathe Acid      |       |       |     6 |       ||     6
Evoke: Wand              |     1 |     5 |     9 |     1 ||    16
  Use: Scroll            |       |       |    15 |       ||    15
       Potion            |       |       |     5 |     1 ||     6
 Stab: Sleeping          |       |     1 |       |       ||     1
       Paralysed         |       |       |     8 |       ||     8
Armor: Skin              |    22 |    43 |    63 |     3 ||   131
Dodge: Dodged            |    31 |    88 |   190 |    29 ||   338
Block: Buckler           |     5 |    39 |    90 |     6 ||   140

Table legend: (Time is in decaauts)
 A = Elapsed time spent in this place.
 B = Non-inter-level travel time spent in this place.
 C = Inter-level travel time spent in this place.
 D = Time resting spent in this place.
 E = Time spent auto-exploring this place.
 F = Levels seen in this place.
 G = Mean time per level.
                   A        B        C        D        E       F      G
               +--------+--------+--------+--------+--------+-----+--------+
         Total |   8789 |   8439 |    350 |    912 |   6245 |   9 |  976.6 |
       Dungeon |   8683 |   8355 |    328 |    912 |   6199 |   8 | 1085.4 |
        Temple |    105 |     83 |     22 |      0 |     46 |   1 |  105.0 |
               +--------+--------+--------+--------+--------+-----+--------+

Top non-repeatable levels by time:
     D:3: 2132 daAuts
     D:7: 1396 daAuts
     D:5: 1161 daAuts
     D:1: 978 daAuts
     D:6: 950 daAuts
     D:2: 873 daAuts
     D:4: 812 daAuts
     D:8: 377 daAuts
  Temple: 105 daAuts
